 Dungeon Crawl Stone Soup version 0.26-a0-651-gb41185065b (webtiles) character file.

Game seed: 10221234668133393225

(classic levelgen) 18 EnegeticOcto the Covered (level 2, -2/27 HPs)
             Began as a Deep Dwarf Fighter on Oct 9, 2020.
             Slain by a gnoll
             ... wielding a +0 halberd
              (6 damage)
             ... on level 2 of the Dungeon.
             The game lasted 00:00:08 (156 turns).

EnegeticOcto the Covered (Deep Dwarf Fighter)        Turns: 156, Time: 00:00:09

Health: -2/27      AC:  6    Str: 19    XL:     2   Next: 51%
Magic:  2/2        EV:  7    Int:  8    God:
Gold:   12         SH:  9    Dex: 12    Spells: 1/1 levels left

rFire    . . .     SeeInvis .   a - +0 war axe
rCold    . . .     Faith    .   c - +0 kite shield
rNeg     . . .     Spirit   .   b - +0 scale mail
rPois    .         Reflect  .   (no helmet)
rElec    .         Harm     .   (no cloak)
rCorr    .         Rampage  .   (no gloves)
MR       .....                  (no boots)
Stlth    ..........             (no amulet)
HPRegen  0.00/turn              (no ring)
MPRegen  0.08/turn              (no ring)

@: non-regenerating
A: damage resistance, heal wounds, sense surroundings 1, no regeneration
a: Heal Wounds


You were on level 2 of the Dungeon.
You visited 1 branch of the dungeon, and saw 2 of its levels.

You collected 12 gold pieces.

Inventory:

Hand Weapons
 a - a +0 war axe (weapon)
Armour
 b - a +0 scale mail (worn)
 c - a +0 kite shield (worn)
Scrolls
 e - a scroll of remove curse {unknown}
 f - a scroll of fear {unknown}
 g - a scroll of identify {unknown}
 h - a scroll of magic mapping {unknown}
 i - a scroll of enchant weapon {unknown}
Potions
 d - a potion of might {@q3}


   Skills:
 + Level 2.9 Fighting
 * Level 2.8 Axes
 + Level 3.5 Armour
 + Level 3.5 Shields


You had one spell level left.
You didn't know any spells.
Your spell library was empty.

Dungeon Overview and Level Annotations

Branches:
Dungeon (2/15)

Altars:


Innate Abilities, Weirdness & Mutations

You are resistant to damage.
You can heal yourself by infusing magical energy.
You passively map a small area around you.
You do not regenerate.


Message History

Things that are here:
a +0 club; a hobgoblin corpse
g - a scroll labeled ZUSHUILO ADWOZ
Things that are here:
a +0 club; a hobgoblin corpse
h - a scroll labeled DECICE FUMOT As you open the door, it creaks loudly!
There is an open door here.
A bat comes into view.
Found 12 gold pieces.
A bat is nearby!
A bat is nearby!
A giant cockroach comes into view.
You block the bat's attack. x2
You closely miss the bat. The bat hits you but does no damage.
The bat barely misses you. The bat hits you but does no damage. x2
You closely miss the bat. The bat hits you but does no damage.
You block the bat's attack.
You closely miss the bat. The bat hits you but does no damage.
You closely miss the bat. The bat barely misses you. The bat hits you.
You miss the bat. The bat hits you but does no damage. x2
Your shield prevents you from hitting the bat.
You block the bat's attack. x2
You slash the bat!
You kill the bat!
A giant cockroach is nearby!
A giant cockroach is nearby!
A giant cockroach is nearby!
A giant cockroach is nearby!
A giant cockroach is nearby!
A giant cockroach is nearby!
A giant cockroach is nearby!
You hit the giant cockroach.
The giant cockroach is moderately wounded.
The giant cockroach closely misses you.
The giant cockroach bites you but does no damage.
You barely miss the giant cockroach.
The giant cockroach is moderately wounded.
The giant cockroach bites you but does no damage. x2
You hit the giant cockroach.
The giant cockroach is severely wounded.
You block the giant cockroach's attack. The giant cockroach barely misses you.
You closely miss the giant cockroach.
The giant cockroach is severely wounded.
The giant cockroach bites you but does no damage.
You closely miss the giant cockroach.
The giant cockroach is severely wounded.
The giant cockroach barely misses you. x2
You slash the giant cockroach!
You kill the giant cockroach!
You have reached level 2!
You see here a giant cockroach corpse.
Found a scroll labeled CAVIFY HYRACI.
You now have 12 gold pieces.
i - a scroll labeled CAVIFY HYRACI
(D) Dungeon
Where to? (? - help)
There is a stone staircase leading down here.
You climb downwards.
A gnoll comes into view.
The gnoll shouts!
You hear a shout! x2
Found four items.
There is a stone staircase leading up here.
A gnoll is nearby!
A gnoll is nearby! 2 gnolls come into view.
The gnoll shouts!
You hit the gnoll.
The gnoll is lightly wounded.
A gnoll comes into view. It is wielding a +0 spear.
The gnoll throws a throwing net.
The throwing net hits you.
You become entangled in the net!
You tear a large gash into the net.
The gnoll hits you.
You struggle against the net.
The gnoll hits you.
The gnoll hits you from afar with a +0 spear.
You rip the net and break free!
The gnoll barely misses you. The gnoll hits you but does no damage.
The gnoll hits you from afar with a +0 halberd.
You slash the gnoll!
You kill the gnoll!
The gnoll hits you from afar with a +0 spear.
The gnoll misses you. The gnoll completely misses you.
The gnoll hits you with a +0 spear. The gnoll hits you with a +0 halberd!
* * * LOW HITPOINT WARNING * * *
You are too injured to fight recklessly!
You are too injured to fight recklessly!
You are too injured to fight recklessly!
You are too injured to fight recklessly!
You are too injured to fight recklessly!
There are monsters nearby!
There are monsters nearby!
There are monsters nearby!
You are too injured to fight recklessly!
You are too injured to fight recklessly!
You are too injured to fight recklessly!
You are too injured to fight recklessly!
You fail to use your ability.
You block the gnoll's attack. The gnoll hits you but does no damage.
The gnoll hits you with a +0 halberd!
You die...

, , , , , ,, , ,,
,.# ,#* . , * ...
,.# *.. , #.##
.######...
###...###)........
..................
, ,
#........g...... ,
, #.....@g....#, *
#..<...g..#... *
#..........#
..............#
..............#
.$............# *
* ?(..............
, ................
.......######## ,
,


You could see 3 gnolls.

Vanquished Creatures
  A gnoll (D:2)
  A giant cockroach (D:1)
  A goblin (D:1)
  A hobgoblin (D:1)
  2 bats (D:1)
  A frilled lizard (D:1)
  2 kobolds (D:1)
9 creatures vanquished.

Notes
Turn   | Place    | Note
-------+----------+-------------------------------------------
     0 | D:1      | EnegeticOcto the Deep Dwarf Fighter began the quest for the
                  | Orb.
     0 | D:1      | Reached XP level 1. HP: 20/20 MP: 1/1
   118 | D:1      | Reached XP level 2. HP: 21/27 MP: 2/2
   156 | D:2      | Slain by a gnoll

Illustrated notes

Levels and vault maps discovered:
D:1:      dpeg_arrival_three_same_balls, layout_basic
D:2:      minmay_roachtagon, layout_rooms, nicolae_tso_carved_into_rock,
          lemuel_zombie_altar_kikubaaqudgha, st_stairs_9,
          small_statue_intersection, uniq_natasha, uniq_sigmund

Action                   || total
-------------------------++-------
Melee: War axe           ||    38
Armor: Scale mail        ||    30
Dodge: Dodged            ||    13
Block: Kite shield       ||    20

Table legend: (Time is in decaauts)
 A = Elapsed time spent in this place.
 B = Non-inter-level travel time spent in this place.
 C = Inter-level travel time spent in this place.
 D = Time resting spent in this place.
 E = Time spent auto-exploring this place.
 F = Levels seen in this place.
 G = Mean time per level.
                   A        B        C        D        E       F      G
               +--------+--------+--------+--------+--------+-----+--------+
         Total |    173 |    154 |     19 |      0 |     64 |   2 |   86.5 |
       Dungeon |    173 |    154 |     19 |      0 |     64 |   2 |   86.5 |
               +--------+--------+--------+--------+--------+-----+--------+

Top non-repeatable levels by time:
     D:1: 163 daAuts
     D:2: 9 daAuts
